 Dungeon Crawl Stone Soup version 0.17-a0-1636-g3119f2b (webtiles) character file.

12204 mrath the Cleaver (level 11, -3/95 HPs)
             Began as a Minotaur Fighter on Aug 5, 2015.
             Was an Elder of Okawaru.
             Engulfed by a cloud of flame (12 damage)
             ... in a volcano.
             The game lasted 01:56:31 (14428 turns).

mrath the Cleaver (Minotaur Fighter)               Turns: 14428, Time: 01:56:31

Health: -3/95      AC: 22    Str: 24    XL:     11   Next: 59%
Magic:  13/13      EV: 11    Int:  5    God:    Okawaru [****..]
Gold:   65         SH: 11    Dex: 10    Spells: 0 memorised, 10 levels left

rFire  + . .     SeeInvis .     L - +3 hammer (protect)
rCold  . . .     Clarity  +     U - +3 chain mail {rC+}
rNeg   . . .     SustAt   .     c - +0 shield
rPois  .         Gourm    .     (helmet restricted)
rElec  .         Spirit   .     g - +0 cloak
rCorr  .         Warding  .     o - +0 pair of gloves
rMut   .         Stasis   .     (no boots)
MR     .....                    Y - amulet of clarity
Stlth  ..........               t - +2 ring of evasion
                                j - ring of fire

@: very slightly contaminated, not resistant to hostile enchantments, extremely
unstealthy
A: retaliatory headbutt, horns 2
a: Heroism, Renounce Religion


You were in a volcano.
You worshipped Okawaru.
Okawaru was greatly pleased with you.
You were not hungry.

You visited 2 branches of the dungeon, and saw 11 of its levels.
You also visited: Sewer and Volcano.

You collected 768 gold pieces.
You spent 703 gold pieces at shops.

Inventory:

Hand weapons
 H - a +0 morningstar
 I - a +0 hunting sling
 L - a +3 hammer of protection (weapon)
 V - a +2 hand axe
Missiles
 a - 16 sling bullets of flame
 h - 23 tomahawks (quivered)
 s - 44 sling bullets
 J - 13 exploding sling bullets
 Q - 12 silver sling bullets
Armour
 c - a +0 shield (worn)
 g - a +0 cloak (worn)
 o - a +0 pair of gloves (worn)
 U - a +3 chain mail of cold resistance (worn)
Jewellery
 j - a ring of fire (left hand)
 r - an uncursed ring of teleportation
 t - a +2 ring of evasion (right hand)
 A - an uncursed ring of flight
 R - an uncursed ring of sustain attributes
 X - an uncursed ring of see invisible
 Y - an amulet of clarity (around neck)
Magical devices
 E - a wand of magic darts (32)
 F - a wand of fireball (11)
 O - a wand of frost (28)
Scrolls
 k - a scroll of magic mapping
 l - 2 scrolls of identify
 n - 2 scrolls of fog
 p - 2 scrolls of recharging
 q - 3 scrolls of remove curse
 v - 2 scrolls of teleportation
 y - a scroll of fear
Potions
 u - 4 potions of curing
 x - a potion of flight {unknown}
 C - a potion of brilliance {unknown}
 Z - 2 potions of poison {unknown}
Miscellaneous
 T - a sack of spiders
Comestibles
 e - 7 bread rations
 w - 4 meat rations
 M - 10 fruits
 N - 8 slices of pizza


   Skills:
 + Level 8.8 Fighting
 - Level 11.2(12.0) Axes
 + Level 7.2(10.2) Maces & Flails
 + Level 4.8(4.9) Slings
 - Level 1.1(3.0) Throwing
 + Level 9.0 Armour
 + Level 7.1 Dodging
 + Level 8.6 Shields
 + Level 4.6 Invocations
 + Level 1.0 Evocations


You had 10 spell levels left.
You didn't know any spells.

Dungeon Overview and Level Annotations

Branches:
Dungeon (10/15)            Temple (0/1) D:5            Lair (1/8) D:10
    Orc: D:9-12

Altars:
Cheibriados
Dithmenos
Elyvilon
Fedhas
Gozag
Kikubaaqudgha
Makhleb
Okawaru
Ru
Trog
Vehumet
Xom
Zin
The Shining One

Shops:
D:9 =   D:10 ![


Innate Abilities, Weirdness & Mutations

You reflexively headbutt those who attack you in melee.
You have a pair of horns on your head.


Message History

A magic dart appears from out of thin air!
You feel momentarily confused.
You start to feel less resistant.
You flicker for a moment.
You feel like a meek peon again.
Your resistance to elements expires.
You feel a little less agile now.
You flicker back into view.
A deep elf fighter appears from thin air!
Reactivating autopickup.
The deep elf fighter points at you and mumbles some strange words.
The magic dart hits you!
* * * LOW HITPOINT WARNING * * *
The air gets thick with the scent of sulphur.
The volcano roars to life, belching forth lava!
You are engulfed in roaring flames.
You resist.
* * * LOW HITPOINT WARNING * * *
The deep elf fighter is engulfed in roaring flames.
You are engulfed in roaring flames.
You resist.
You die...

§§≈≈§≈≈≈≈§§§≈§§§§§§§§#
≈≈≈≈≈≈§≈§§§§§§§§§§.§##
≈≈≈≈≈≈≈≈§§≈§§§§§§§§§§#
≈§§≈≈§≈§§≈≈§≈§§§§§§§##
§§§§≈§§≈≈§§§§§§§e§§§§#
≈≈≈≈≈≈≈≈
≈≈§§§§§§§§.### ≈≈≈≈≈≈§
≈≈≈≈≈≈§§§§§§§§#
§§§§≈≈§
≈§§§§§§§§§§§###
≈≈≈≈§≈≈§§§≈§§§§§@§§§##
≈§≈≈≈≈§§§§§§§..§..§§§#
§§§§§≈§§§§≈§≈§≈§§§§§##
≈§§≈≈≈≈≈§§§≈§≈≈§§§§§#
≈≈≈≈≈§§§§§≈≈§§..§§###
≈≈≈≈≈≈≈§§§§≈...§§∩.∩#
≈≈≈§§≈≈≈§≈§.§.§.#####
≈≈§§§≈≈≈§.§.§....#
≈≈≈§§..§§.......##


You could see a deep elf fighter.

Vanquished Creatures
  A deep elf knight (Volcano)
  The ghost of 4thArraOfDagon the Grappler, an experienced TrWr of Cheibriados (D:10)
  A hill giant (D:10)
  2 orc knights (D:8)
  The ghost of Tux the Gusty, an experienced TeAE (D:4)
  A human (D:7)
  A fire bat (Volcano)
  2 hippogriffs
  2 deep elf magi
  Eustachio (D:4)
  A deep elf fighter (D:5)
  Grum (D:8)
  16 wargs
  2 wolves (D:8)
  2 ice beasts
  A wasp (D:9)
  8 orc warriors
  3 water moccasins
  3 phantoms
  2 centaurs (D:5)
  5 ogres
  A big kobold (D:8)
  10 giant frogs
  A wyvern skeleton (D:9)
  9 killer bees
  2 gnoll sergeants
  3 scorpions
  A water moccasin skeleton (D:4)
  5 wights (D:9)
  4 crimson imps
  4 giant frog zombies
  2 centaur zombies
  5 hounds
  5 jellies
  A lava snake (Volcano)
  Crazy Yiuf (D:6)
  15 orc priests
  A wasp zombie (D:9)
  7 orc wizards
  3 giant frog skeletons
  An iguana (D:8)
  6 worker ants
  4 sheep (D:7)
  2 hound zombies
  A hound skeleton (D:5)
  2 worker ant zombies
  9 adders
  7 gnolls
  5 shadow imps
  7 oozes (Sewer)
  3 adder skeletons
  5 worms
  13 giant geckos
  82 orcs
  9 ball pythons
  6 bats
  15 giant cockroaches
  9 goblins
  3 hobgoblins
  13 jackals
  A giant gecko skeleton (D:8)
  12 giant newts
  13 kobolds
  5 quokkas
  6 rats
376 creatures vanquished.

Vanquished Creatures (others)
  A human (D:7)
  A giant frog (D:10)
  An orc wizard (D:10)
  An orc (D:10)
  2 plants (D:8)
6 creatures vanquished.

Grand Total: 382 creatures vanquished

Notes
Turn   | Place    | Note
--------------------------------------------------------------
     0 | D:1      | mrath the Minotaur Fighter began the quest for the Orb.
     0 | D:1      | Reached XP level 1. HP: 19/19 MP: 0/0
   638 | D:1      | Reached XP level 2. HP: 26/26 MP: 1/1
  1212 | D:2      | Reached skill level 4 in Axes
  1312 | D:2      | Reached XP level 3. HP: 22/31 MP: 2/2
  1513 | D:2      | Reached skill level 5 in Axes
  2130 | D:3      | Found an opulent altar of Gozag.
  2131 | D:3      | Found a radiant altar of Vehumet.
  2243 | D:3      | Reached XP level 4. HP: 39/39 MP: 3/3
  2716 | D:3      | Found a bloodstained altar of Trog.
  2864 | D:3      | Found a shadowy altar of Dithmenos.
  3182 | D:4      | Reached skill level 6 in Axes
  3364 | D:4      | Reached XP level 5. HP: 39/45 MP: 4/4
  3430 | D:4      | Reached skill level 7 in Axes
  3517 | D:4      | Found a glowing drain.
  3523 | Sewer    | Entered a sewer
  3622 | Sewer    | Reached XP level 6. HP: 48/51 MP: 5/5
  3812 | Sewer    | Reached skill level 8 in Axes
  4240 | D:4      | Noticed Tux's ghost (experienced TeAE)
  4252 | D:4      | Killed Tux's ghost
  4252 | D:4      | Reached skill level 9 in Axes
  4252 | D:4      | Reached XP level 7. HP: 55/57 MP: 6/6
  4253 | D:4      | Reached skill level 10 in Axes
  4314 | D:4      | Noticed a phantom
  4336 | D:4      | Killed a phantom
  4348 | D:4      | Noticed Eustachio
  4357 | D:4      | Killed Eustachio
  4357 | D:4      | Reached skill level 1 in Dodging
  4581 | D:5      | Entered Level 5 of the Dungeon
  4738 | D:5      | Reached XP level 8. HP: 55/66 MP: 7/7
  4821 | D:5      | Found an iron altar of Okawaru.
  4837 | D:5      | Became a worshipper of Warmaster Okawaru
  4874 | D:5      | Found a staircase to the Ecumenical Temple.
  5016 | D:5      | Found an ancient bone altar of Kikubaaqudgha.
  5017 | D:5      | Found a blossoming altar of Fedhas.
  5017 | D:5      | Found a glowing golden altar of the Shining One.
  5021 | D:5      | Found an iron altar of Okawaru.
  5021 | D:5      | Found a sacrificial altar of Ru.
  5022 | D:5      | Found a white marble altar of Elyvilon.
  5256 | D:5      | Found a glowing silver altar of Zin.
  5455 | D:6      | Found a snail-covered altar of Cheibriados.
  5502 | D:5      | Reached skill level 5 in Fighting
  5578 | D:5      | Reached skill level 5 in Shields
  5602 | D:6      | Reached skill level 5 in Armour
  5944 | D:6      | Noticed Crazy Yiuf
  5948 | D:6      | Acquired Okawaru's first power
  5970 | D:6      | Killed Crazy Yiuf
  6194 | D:6      | Reached XP level 9. HP: 61/75 MP: 8/8
  6261 | D:6      | Reached skill level 11 in Axes
  6929 | D:7      | Reached skill level 1 in Throwing
  7140 | D:7      | Found a shimmering altar of Xom.
  7246 | D:7      | Found an ancient bone altar of Kikubaaqudgha.
  7387 | D:7      | Reached skill level 1 in Maces & Flails
  7387 | D:7      | Reached skill level 1 in Slings
  7737 | D:8      | Found a burning altar of Makhleb.
  7744 | D:8      | Reached skill level 1 in Invocations
  7781 | D:8      | Reached skill level 5 in Dodging
  8045 | D:8      | Reached XP level 10. HP: 79/86 MP: 10/10
  8124 | D:8      | Found a glowing golden altar of the Shining One.
  8405 | D:8      | Noticed Grum
  8446 | D:8      | Killed Grum
  8937 | D:8      | Noticed an orc knight
  8997 | D:8      | Killed an orc knight
  9893 | D:8      | Noticed an orc knight
  9925 | D:8      | Killed an orc knight
  9925 | D:8      | Reached skill level 5 in Maces & Flails
 10255 | D:8      | HP: 4/88 [warg (9)]
 10277 | D:8      | HP: 1/88 [warg (8)]
 10998 | D:9      | Received a gift from Okawaru
 11179 | D:9      | Reached XP level 11. HP: 90/94 MP: 12/12
 11419 | D:9      | Found Ywkeq's Jewellery Shop.
 11428 | D:9      | Bought an uncursed ring of see invisible for 165 gold pieces
 11428 | D:9      | Bought an uncursed amulet of clarity for 220 gold pieces
 12089 | D:10     | Entered Level 10 of the Dungeon
 12143 | D:10     | Found Xowk's Armour Shop.
 12526 | D:10     | Received a gift from Okawaru
 12875 | D:10     | Found a staircase to the Lair.
 13087 | D:10     | Found Okhissom's Distillery.
 13145 | D:10     | Noticed a hill giant
 13155 | D:10     | Killed a hill giant
 13222 | D:10     | Noticed 4thArraOfDagon's ghost (experienced TrWr)
 13237 | D:10     | Killed 4thArraOfDagon's ghost
 13781 | D:10     | Bought a +3 chain mail of cold resistance for 318 gold pieces
 13851 | Lair:1   | Entered Level 1 of the Lair of Beasts
 13865 | Lair:1   | Found a dark tunnel.
 13880 | Volcano  | Entered a volcano
 14357 | Volcano  | Found a bloodstained altar of Trog.
 14357 | Volcano  | Noticed a deep elf knight
 14383 | Volcano  | Killed a deep elf knight
 14383 | Volcano  | Reached skill level 1 in Evocations
 14428 | Volcano  | Engulfed by a cloud of flame

Vault maps used:
D:1:      saegor_arrival_miasma
D:2:      first_bread
D:3:      lemuel_crystal_altar, bloody_trog, minitemple
D:4:      lightli_sewer_entry_pipes, uniq_eustachio
D:5:      kennysheep_mini_moat, grunt_temple_overflow_open,
          minmay_temple_entry_overgrown, okawaru_gym_becter
D:6:      cheibriados_altar_1, sword_in_stone, uniq_crazy_yiuf_cottage
D:7:      lemuel_round_altar, grunt_livestock, minivault_23, tgw_kikubaaqudgha
D:8:      lemuel_castle_with_subvaults, basic_altar, tso_altar, uniq_grum
D:9:      serial_shops, nicolae_shop_crystal
D:10:     erik_lair_orcish_takeover, serial_shops, shop_statue,
          nicolae_shop_behind_doors
Lair:1:   nicolae_volcano_entry_two_sided, serial_bayou_shore_a
Sewer:    sewer_frog_island_02
Volcano:  volcano_lake

Action                   |  1- 3 |  4- 6 |  7- 9 | 10-12 || total
-------------------------+-------+-------+-------+-------++-------
Melee: War axe           |    94 |   182 |   221 |     7 ||   504
       Hammer            |       |       |   114 |   767 ||   881
       Morningstar       |       |       |     6 |       ||     6
       Hunting sling     |       |       |     3 |       ||     3
       Hand axe          |       |       |       |     9 ||     9
 Fire: Hunting sling     |       |       |    19 |    17 ||    36
Throw: Stone             |     7 |       |       |       ||     7
       Tomahawk          |       |     1 |    26 |    46 ||    73
Invok: Heroism           |       |       |     2 |    13 ||    15
  Use: Scroll            |     4 |     2 |     7 |     9 ||    22
       Potion            |       |     1 |     3 |     8 ||    12
 Stab: Invisible         |       |       |       |     2 ||     2
  Eat: Chunk             |     3 |     6 |     9 |    14 ||    32
       Beef jerky        |     1 |       |       |     3 ||     4
       Royal jelly       |       |       |     2 |     1 ||     3
       Bread ration      |       |       |       |     1 ||     1
